cohdb
Replays
Latest Replays
All Replays
Popular Replays
Top Player Replays
Match Explorer
How It Works
Community
CoH3 Stats
Reddit
Sign in to upload your games and track your stats! →
Sign in with Steam
Match 47290498
Unlisted
Match 47290498
Overview
Messages
Build Orders
End
Selects Italian Combined Arms Battlegroup
Selects Bersaglieri Squad
Bersaglieri Squad
Panzergrenadier Squad
250 Light Carrier
Construct Light Support Kompanie
Combat Half-tracks
Selects Vehicle Support - Secure Location
Fire Support Elements
Panzerjäger Mechanized Group
Flakvierling Half-track
Selects Vehicle Support - Force Recon
Vehicle Survival Package
Veteran Squad Leaders
Selects Semovente da 75/18 Assault Gun
Semovente da 75/18 Assault Gun
Selects Strafing Run
Panzergrenadier Squad
Strafing Run
Construct Panzerarmee Kommand
Selects Artillery Cover
Armored Reserves
Panzer IV Assault Group
Artillery Cover
Emergency Repair Kits
Walking Stuka Rocket Launcher
Artillery Cover
Tungsten Core Ammunition
Pak 38 Anti-tank Gun Team
scotthelfire
Hold The Line!
Logan5
CaF2
0
0
Comments
sign in to comment!
No comments posted yet!